AoeStats
← Lord_Wilfredo

Arena

508802032Analyzed
4v4 RM · 8d ago on Sep 24, 2026· 61m 23s· 8 players
Game mode
Random Map
Map size
Large (8 player)
Population
200
Speed
Normal
Resources
Standard
Victory
Conquest
Starting age
Dark Age
Ending age
Imperial Age
RankedLock teamsTeams togetherTeam positionsShared explorationLock speedFull tech treeHidden civsTurbo modeCheats
Victory
Defeat
🇨🇳 Italians · China
1347
+12
🇦🇷 Spanish · Argentina
1340
+13
🇧🇴 Cumans · Bolivia
1279
+15
🇨🇳 Celts · China
1263
+16
🇦🇺 Persians · Australia
1289
-15
🇳🇿 Varangians · New Zealand
1258
-14
🇨🇳 Byzantines · China
1254
-14
🇨🇳 Armenians · China
1244
-13
rAiDz
3:03 Loom
10:30 Feudal Age
14:48 Castle Age
12:58 Double-Bit Axe
13:06 Horse Collar
15:09 Wheelbarrow
15:17 Heavy Plow
18:02 Stone Mining
30:21 Bow Saw
32:52 Gold Mining
35:43 Hand Cart
35:18 Town Watch
36:11 Gold Shaft Mining
36:12 Stone Shaft Mining
39:29 Imperial Age
37:30 Town Patrol
37:37 Town Patrol
38:26 Scale Barding Armor
38:32 Forging
39:08 Elite War Elephant
40:09 Conscription
40:54 Crop Rotation
41:24 Two-Man Saw
41:55 Iron Casting
41:41 Chain Barding Armor
42:02 Husbandry
42:13 Bloodlines
47:49 Blast Furnace
47:37 Plate Barding Armor
WaffNub
10:39 Feudal Age
10:49 Loom
12:55 Double-Bit Axe
13:14 Horse Collar
15:44 Castle Age
17:42 Bow Saw
17:32 Heavy Plow
20:35 Wheelbarrow
24:51 Gold Mining
25:27 Stone Mining
30:14 Imperial Age
28:50 Scale Barding Armor
28:57 Forging
29:00 Bloodlines
28:50 Husbandry
30:58 Chain Barding Armor
31:14 Iron Casting
31:29 Conscription
30:56 Elite Jarl
35:28 Plate Barding Armor
35:54 Blast Furnace
39:07 Scale Mail Armor
38:33 Elite Varangian Guard
39:14 Squires
38:59 Gambesons
39:00 Arson
41:41 Hand Cart
42:28 Two-Man Saw
42:01 Crop Rotation
42:03 Gothikon
48:18 Chain Mail Armor
49:30 Plate Mail Armor
55:35 Pikeman
56:51 Halberdier
59:58 Capped Ram
61:00 Siege Ram
只爆叉叉
12:37 Feudal Age
13:30 Double-Bit Axe
13:38 Gold Mining
13:35 Horse Collar
16:33 Castle Age
15:17 Scale Barding Armor
17:22 Husbandry
18:14 Bow Saw
20:10 Forging
22:11 Chain Barding Armor
23:45 Wheelbarrow
22:57 Loom
25:46 Hand Cart
26:28 Squires
30:41 Scale Mail Armor
31:18 Iron Casting
31:24 Gold Shaft Mining
33:52 Imperial Age
31:58 Arson
31:36 Pikeman
32:37 Chain Mail Armor
33:05 Treadmill Crane
33:37 Fortified Wall
33:24 Stone Mining
35:07 Greek Fire
35:33 Ballistics
35:10 Murder Holes
36:46 Two-Man Saw
35:57 Heavy Plow
36:37 Conscription
37:25 Chemistry
37:03 Plate Barding Armor
37:00 Plate Mail Armor
38:09 Heavy Camel Rider
39:34 Logistica
40:52 Fletching
41:03 Padded Archer Armor
41:30 Bodkin Arrow
42:29 Thumb Ring
41:45 Elite Skirmisher
45:18 Crop Rotation
45:08 Leather Archer Armor
44:54 Bracer
44:51 Elite Cataphract
46:04 Bombard Tower
46:53 Ring Archer Armor
46:34 Light Cavalry
48:12 Hussar
2263430749
11:50 Feudal Age
12:34 Horse Collar
12:42 Double-Bit Axe
12:43 Man-at-Arms
16:29 Loom
20:29 Castle Age
20:12 Long Swordsman
20:55 Two-Handed Swordsman
21:20 Gambesons
21:36 Squires
22:14 Gambesons
29:32 Champion
31:25 Scale Mail Armor
31:36 Forging
37:22 Bow Saw
37:03 Gold Mining
41:32 Imperial Age
46:32 Imperial Age
44:38 Wheelbarrow
56:04 Pikeman
59:09 Caravan
EXILS_ANDRENUS
10:12 Feudal Age
13:31 Loom
16:24 Castle Age
14:34 Double-Bit Axe
20:47 Scale Mail Armor
29:49 Wheelbarrow
31:44 Bow Saw
31:16 Horse Collar
35:10 Imperial Age
33:42 Hand Cart
36:43 Fletching
36:54 Padded Archer Armor
37:01 Heavy Scorpion
38:22 Conscription
39:11 Furor Celtica
40:36 Chemistry
41:14 Heavy Plow
41:24 Heated Shot
41:56 Ballistics
41:35 Bodkin Arrow
41:56 Chain Mail Armor
41:52 Forging
42:02 Elite Woad Raider
43:20 Pikeman
44:58 Halberdier
47:40 Iron Casting
DSLG | GORDA CACHONDA
11:50 Feudal Age
15:37 Castle Age
13:45 Double-Bit Axe
16:05 Capped Ram
16:48 Loom
17:14 Pikeman
24:35 Scale Mail Armor
24:46 Forging
27:24 Fletching
27:34 Padded Archer Armor
27:24 Fletching
27:34 Padded Archer Armor
27:56 Padded Archer Armor
28:00 Horse Collar
29:18 Thumb Ring
32:47 Bodkin Arrow
37:30 Wheelbarrow
36:56 Heavy Plow
39:36 Hand Cart
41:23 Bow Saw
41:04 Gold Mining
42:36 Scale Barding Armor
42:54 Ballistics
44:37 Leather Archer Armor
47:05 Imperial Age
45:46 Iron Casting
45:26 Chain Mail Armor
45:47 Iron Casting
45:27 Chain Mail Armor
45:59 Squires
47:10 Halberdier
48:37 Atonement
48:48 Fervor
51:36 Town Watch
52:28 Gold Shaft Mining
52:24 Herbal Medicine
52:40 Fervor
52:37 Stone Mining
57:42 Blast Furnace
57:12 Plate Mail Armor
56:48 Scale Barding Armor
57:13 Ring Archer Armor
57:46 Chemistry
56:42 Murder Holes
57:22 Bloodlines
57:30 Cavalier
57:47 Siege Ram
59:54 Guilds
The Long Dark
10:44 Feudal Age
14:39 Castle Age
12:29 Double-Bit Axe
13:46 Horse Collar
16:58 Bow Saw
17:33 Heavy Plow
19:27 Wheelbarrow
22:45 Gold Mining
22:46 Stone Mining
23:43 Hand Cart
24:53 Treadmill Crane
25:35 Ballistics
27:59 Imperial Age
25:44 Loom
25:44 Town Watch
28:00 Stone Shaft Mining
28:08 Fletching
28:19 Padded Archer Armor
29:21 Conscription
30:40 Two-Man Saw
30:51 Chemistry
29:49 Bodkin Arrow
30:09 Leather Archer Armor
29:43 Light Cavalry
30:33 Bloodlines
30:24 Husbandry
31:03 Thumb Ring
33:25 Bracer
33:55 Ring Archer Armor
32:49 Hussar
34:16 Forging
34:12 Scale Barding Armor
34:07 Elite Genoese Crossbowman
36:28 Fortified Wall
36:14 Murder Holes
36:29 Masonry
37:28 Crop Rotation
37:59 Iron Casting
37:45 Chain Barding Armor
37:33 Arrowslits
39:23 Plate Barding Armor
39:48 Blast Furnace
41:03 Caravan
41:34 Coinage
41:14 Guilds
42:00 Hoardings
43:30 Architecture
43:22 Bombard Tower
43:52 Banking
50:28 Pirotechnia
52:05 Cavalier
57:59 Silk Road
Lord_Wilfredo
10:24 Feudal Age
11:30 Loom
15:05 Castle Age
13:44 Double-Bit Axe
16:00 Bow Saw
24:44 Gold Mining
29:20 Imperial Age
26:58 Padded Archer Armor
28:08 Wheelbarrow
28:04 Forging
27:23 Pikeman
28:04 Squires
27:57 Town Watch
29:23 Hand Cart
31:04 Chemistry
30:28 Conscription
31:31 Two-Man Saw
31:20 Leather Archer Armor
30:55 Fletching
32:57 Elite Skirmisher
33:59 Bodkin Arrow
34:34 Ring Archer Armor
34:25 Thumb Ring
36:54 Ballistics
37:01 Bracer
37:07 Scale Barding Armor
37:38 Iron Casting
37:54 Bombard Tower
38:56 Stone Mining
49:30 Bloodlines
49:21 Husbandry
48:41 Cavalier
49:25 Horse Collar
52:46 Chain Barding Armor
53:26 Blast Furnace
56:49 Halberdier
57:37 Capped Ram
58:23 Caravan
59:52 Siege Ram
60:53 Scale Mail Armor
61:29 Plate Barding Armor
60:52 Arson
Connection lost

Rejoining the realm…

Still unreachable

The connection could not be restored.

Session expired

The server has moved on; the page needs a fresh start.